 Dungeon Crawl Stone Soup version 0.29-a0-344-ge2f44be95a (webtiles) character file.

Game seed: 4024166003189914051

228 spiderkeys the Skirmisher (level 6, -3/53 HPs)
             Began as a Ghoul Abyssal Knight on Apr 21, 2022.
             Was an Elder of Lugonu.
             Slain by a gnoll
             ... wielding a +0 club
              (4 damage)
             ... on level 4 of the Dungeon.
             The game lasted 00:05:08 (3757 turns).

spiderkeys the Skirmisher (Ghoul Abyssal Knight)    Turns: 3757, Time: 00:05:09

Health: -3/53      AC:  3    Str: 19      XL:     6   Next: 2%
Magic:  7/7        EV: 11    Int:  5      God:    Lugonu [****..]
Gold:   114        SH:  0    Dex: 13 (15) Spells: 5/5 levels left

rFire   . . .      SeeInvis .   a - +2 hand axe
rCold   + . .      Faith    .   (no shield)
rNeg    + + +      Spirit   .   b - +0 leather armour
rPois   ∞          Reflect  .   (no helmet)
rElec   .          Harm     .   (no cloak)
rCorr   +          Rampage  .   (no gloves)
Will    .....                   (no boots)
Stlth   +.........              (no amulet)
HPRegen 0.00/turn               D - +6 ring of dexterity
MPRegen 0.10/turn               R - ring of resist corrosion

@: about to teleport, inhibited regen
A: claws 1, cold resistance 1, negative energy resistance 3, inhibited
regeneration, torment resistance 2, devour on kill
a: Renounce Religion, Depart the Abyss, Bend Space, Banish, Corrupt


You were on level 4 of the Dungeon.
You worshipped Lugonu.
Lugonu was greatly pleased with you.
You visited 1 branch of the dungeon, and saw 4 of its levels.
You visited the Abyss 1 time.

You collected 114 gold pieces.


Innate Abilities, Weirdness & Mutations

You are immune to poison.
You have sharp fingernails.
Your flesh is cold resistant. (rC+)
You are immune to negative energy. (rN+++)
You do not regenerate when monsters are visible.
You are immune to unholy pain and torment.
You thrive by killing the living.


   Skills:
 + Level 4.5 Fighting
 + Level 3.2 Axes
 + Level 3.0 Armour
 - Level 1.0 Dodging
 + Level 3.5 Invocations


You had 5 spell levels left.
You didn't know any spells.
Your spell library contained the following spells:

 Spells                   Type           Power      Damage    Failure   Level
 Animate Skeleton         Necr           0%         N/A       54%         1
 Apportation              Tloc           0%         N/A       54%         1
 Summon Small Mammal      Summ           0%         N/A       54%         1
 Animate Dead             Necr           0%         N/A       99%         4
 Borgnjor's Vile Clutch   Necr/Erth      0%         N/A       100%        5
 Death Channel            Necr           0%         N/A       100%        6
 Beastly Appendage        Tmut           Unusable   N/A       N/A         1
 Wereblood                Tmut           Unusable   N/A       N/A         2
 Spider Form              Tmut/Pois      Unusable   N/A       N/A         3

Inventory:

Hand Weapons
 a - a +2 hand axe (weapon)
Missiles
 c - 100 stones
 g - 6 boomerangs
 F - 3 javelins
Armour
 b - a +0 leather armour (worn)
 e - a +0 leather armour
   (You found it on level 1 of the Dungeon)
 f - a +0 ring mail
   (You found it on level 1 of the Dungeon)
 o - a +0 robe
   (You found it on level 2 of the Dungeon)
 r - a +0 chain mail
   (You found it on level 2 of the Dungeon)
 A - a +0 chain mail
   (You took it off Terence on level 3 of the Dungeon)
 B - a +0 robe
   (You found it on level 3 of the Dungeon)
 C - a +0 leather armour
   (You took it off an orc on level 3 of the Dungeon)
Jewellery
 D - a +6 ring of dexterity (left claw)
   (You found it on level 1 of the Dungeon)
 R - a ring of resist corrosion (right claw)
   (You found it on level 4 of the Dungeon)
Wands
 z - a wand of paralysis (10)
   (You found it on level 3 of the Dungeon)
Scrolls
 i - 3 scrolls of fog
 m - 2 scrolls of identify {unknown}
 n - a scroll of blinking {unknown}
 t - a scroll of silence {unknown}
 u - a scroll of amnesia {unknown}
 v - 3 scrolls of enchant weapon
 w - a scroll of immolation {unknown}
 x - 2 scrolls of fear {unknown}
 y - a scroll of magic mapping {unknown}
Potions
 d - a potion of magic {unknown}
 j - 2 potions of lignification {unknown}
 l - 2 potions of haste {unknown}
 p - a potion of invisibility {unknown}
 q - 2 potions of mutation
 s - a potion of berserk rage {unknown}
 E - a potion of heal wounds {unknown}

Dungeon Overview and Level Annotations

Branches:
Dungeon (4/15)
 Temple: D:4-7

Altars:
Makhleb

Shops:
D:2 [[(:

Annotations:
D:4 1 transporter, sirJeffrey23's ghost, novice DgGl

# ##..##### ........##
#..## ### ##..# .... ##h#
#... #.# ##55#g##### ..
#..5#.@...#.###
....#5##......... ## ...
#....#.##.##.# ..$)..#.
##.#.##.......# #####
.###..#.##.#...#.#
###.©.####...##.##......)#
.................##.......#
......#.#####.#####.......#
#.......##.....# #.#...#.#


You could see a black bear, 4 quasits and a gnoll.


Message History

SirJeffrey23's ghost turns its malevolent gaze towards you.
Key pressed, stopping explore.
A gnoll comes into view. It is wielding a +0 club.
A gnoll is nearby!
A gnoll comes into view. It is wielding a +0 flail.
The gnoll shouts! x2
You hit the gnoll.
The gnoll hits you with a +0 club! 😕 HP[-7]
You take 7 damage, and now have 40/47 hp.
You barely miss the gnoll.
A black bear comes into view.
The gnoll closely misses you.
The black bear growls angrily.
You hit the gnoll. x2; The gnoll misses you.
The gnoll hits you with a +0 club. 😮 HP[-5]
You take 5 damage, and now have 35/47 hp.
You are too injured to fight recklessly!
You are too injured to fight recklessly!
You are too injured to fight recklessly!
You hit the gnoll. x2; The gnoll barely misses you. x2
You barely miss the gnoll. You hit the gnoll.
The gnoll hits you with a +0 flail. The gnoll closely misses you. 😮 HP[-3]
You take 3 damage, and now have 32/47 hp.
You hit the gnoll but do no damage. You barely miss the gnoll.
The gnoll hits you with a +0 flail!
* * * LOW HITPOINT WARNING * * *
The gnoll hits you with a +0 club.
* * * LOW HITPOINT WARNING * * *
😨 HP[-13]
You take 13 damage, and now have 19/47 hp.
MASSIVE DAMAGE!! (PAUSE)
The gnoll attacks as you move away! The gnoll hits you but does no damage.
The gnoll attacks as you move away! The gnoll hits you with a +0 club.
* * * LOW HITPOINT WARNING * * *
😨 HP[-5]
You take 5 damage, and now have 14/47 hp.
Aiming: Charm
Press: ? - help, Shift-Dir - straight line, f - gnoll
Aim: a gnoll, wielding a +0 club (severely wounded, chance to affect: 57%)
The gnoll resists with significant effort.
The gnoll closely misses you.
Aiming: Charm
Press: ? - help, Shift-Dir - straight line, f/p - gnoll
Aim: a gnoll, wielding a +0 club (severely wounded, chance to affect: 57%)
The gnoll resists with significant effort.
Aiming: Charm
Press: ? - help, Shift-Dir - straight line, f/p - gnoll
Aim: a gnoll, wielding a +0 club (severely wounded, chance to affect: 57%)
The gnoll resists with significant effort.
Aiming: Charm
Press: ? - help, Shift-Dir - straight line, f - gnoll, p - gnoll
Aim: a gnoll, wielding a +0 flail (heavily wounded, chance to affect: 57%)
The gnoll resists with significant effort.
The gnoll hits you with a +0 flail!
* * * LOW HITPOINT WARNING * * *
😱 HP[-8]
You take 8 damage, and now have 6/47 hp.
Aiming: Charm
Press: ? - help, Shift-Dir - straight line, f/p - gnoll
Aim: a gnoll, wielding a +0 flail (heavily wounded, chance to affect: 57%)
The gnoll resists with significant effort.
The gnoll hits you with a +0 flail.
* * * LOW HITPOINT WARNING * * *
😱 HP[-2]
You take 2 damage, and now have 4/47 hp.
Aiming: Charm
Press: ? - help, Shift-Dir - straight line, f/p - gnoll
Aim: a gnoll, wielding a +0 flail (heavily wounded, chance to affect: 57%)
The gnoll is charmed.
The black bear completely misses your gnoll.
The black bear claws your gnoll. x2
Your gnoll hits the black bear with a +0 flail!
The gnoll completely misses your gnoll.
The black bear barely misses your gnoll.
The black bear claws your gnoll.
Your gnoll dies!
You have reached level 6! 😱 MP[+1]
You now have 53 max hp (+6).
Your mp is fully restored (7).
Aiming: Charm
Press: ? - help, Shift-Dir - straight line, f - gnoll
Aim: a gnoll, wielding a +0 club (severely wounded, chance to affect: 57%)
The gnoll resists with significant effort.
The now-empty wand crumbles to dust.
It was a potion of mutation.
You feel extremely strange.
Your body decomposes!
You feel clumsy.
Your body decomposes!
You feel clumsy. The gnoll barely misses you.
As you read the scroll of teleportation {@r4}, it crumbles to dust.
You feel strangely unstable. The gnoll hits you with a +0 club.
* * * LOW HITPOINT WARNING * * *
😱 HP[-3]
You take 3 damage, and now have 1/53 hp.
The quasit gives a chilling moan.
The gnoll attacks as you move away! The gnoll hits you with a +0 club.
You die...

Skill      XL: |  1  2  3  4  5 |
---------------+----------------+-----
Dodging        | 1 |  1.0
Axes           | 2 3 |  3.2
Armour         | 2 3 |  3.0
Fighting       | 4 |  4.5
Invocations    | 3 |  3.5

Action                   |  1- 3 |  4- 6 || total
-------------------------+-------+-------++-------
Melee: Hand axe          |   123 |   124 ||   247
       Punch             |     1 |       ||     1
Throw: Boomerang         |       |     2 ||     2
Evoke: Wand              |       |    10 ||    10
  Use: Scroll            |     3 |     1 ||     4
       Potion            |       |     1 ||     1
 Stab: Sleeping          |     1 |     2 ||     3
       Paralysed         |       |     8 ||     8
Armor: Leather armour    |    41 |    29 ||    70
Dodge: Dodged            |   107 |    88 ||   195

Levels and vault maps discovered:
D:1:      noname_arrival_rooms_in_the_neighbourhood, layout_loops_ring,
          minmay_fountain_box, minmay_pentomino_r4
D:2:      layout_basic, serial_shops, nicolae_shop_trees, shop,
          nicolae_shop_behind_doors, nicolae_shop_window_shopping, shop,
          basic_altar
D:3:      layout_loops_corners, hellmonk_ecumenical_altar_pennies_from_heaven,
          minmay_goblin_outpost, uniq_natasha, uniq_terence
D:4:      layout_loops_cross, gammafunk_ghost_stat_death, serial_bayou,
          serial_bayou_pond_c, serial_bayou_crossing, serial_bayou_lagoon_a,
          serial_bayou_pond_c

Notes
Turn   | Place    | Note
-------+----------+-------------------------------------------
     0 | Abyss:1  | spiderkeys the Ghoul Abyssal Knight began the quest for the
                  | Orb.
     0 | Abyss:1  | Reached XP level 1. HP: 19/19 MP: 1/1
     0 | Abyss:1  | magus.rc [v1.11.3]
    14 | D:1      | You pass through the gate.
    14 | D:1      | Escaped the Abyss
    48 | D:1      | Reached skill level 1 in Dodging
   137 | D:1      | Reached XP level 2. HP: 24/26 MP: 2/2
   148 | D:1      | Reached skill level 2 in Axes
   148 | D:1      | Reached skill level 2 in Armour
   362 | D:1      | You pick up a book of Cantrips and begin reading...
   362 | D:1      | You add the spells Animate Skeleton, Summon Small Mammal
                  | and Apportation to your library.
   377 | D:1      | You pick up a book of Unlife and begin reading...
   377 | D:1      | You add the spells Animate Dead, Borgnjor's Vile Clutch and
                  | Death Channel to your library.
   656 | D:1      | Reached XP level 3. HP: 31/31 MP: 3/3
   658 | D:1      | Reached *** piety under Lugonu
  1228 | D:2      | Found Denn's Antique Armour Emporium.
  1305 | D:2      | Reached XP level 4. HP: 40/40 MP: 5/5
  1414 | D:2      | You pick up a book of Changes and begin reading...
  1417 | D:2      | Found a burning altar of Makhleb.
  1523 | D:2      | Found Vuxkigh's Book Emporium.
  1537 | D:2      | Found Meokuhaq's Armour Shoppe.
  1613 | D:2      | Found Tyados's Weapon Shop.
  1756 | D:2      | Found Unnuusk's Book Shop.
  2162 | D:3      | Reached skill level 4 in Fighting
  2165 | D:3      | Reached skill level 3 in Invocations
  2179 | D:3      | Reached **** piety under Lugonu
  2436 | D:3      | Noticed Terence
  2450 | D:3      | Killed Terence
  2451 | D:3      | Reached XP level 5. HP: 22/46 MP: 6/6
  2792 | D:3      | Noticed Natasha
  2796 | D:3      | Killed Natasha
  2797 | D:3      | Reached skill level 3 in Axes
  2838 | D:3      | Found a faded altar of an unknown god.
  2998 | D:3      | Noticed Natasha
  3002 | D:3      | Killed Natasha
  3622 | D:3      | Noticed Natasha
  3627 | D:3      | Killed Natasha
  3628 | D:3      | Reached skill level 3 in Armour
  3699 | D:4      | Found a transporter.
  3729 | D:4      | Noticed sirJeffrey23's ghost (novice DgGl)
  3738 | D:4      | Noticed a black bear
  3749 | D:4      | HP: 6/47 [gnoll/+0 flail (8)]
  3753 | D:4      | Reached XP level 6. HP: 4/53 MP: 7/7
  3755 | D:4      | HP: 1/53 [gnoll/+0 club (3)]
  3757 | D:4      | Slain by a gnoll

Vanquished Creatures
  Natasha (thrice) (D:3)
  Terence (D:3)
  3 adders (D:2)
  A worm (D:4)
  2 dart slugs
  An orc (D:3)
  9 endoplasms
  9 giant cockroaches
  12 goblins
  6 hobgoblins
  6 jackals
  A quokka (D:2)
  4 ball pythons
  7 bats
  6 frilled lizards
  6 kobolds
  7 rats
84 creatures vanquished.

Vanquished Creatures (others)
  A gnoll (D:4)
  9 plants (D:4)
10 creatures vanquished.

Grand Total: 94 creatures vanquished

Table legend:
 A = Non-vault XP
 B = Vault XP
 C = Vault XP percentage of total XP
 D = Non-vault monster count
 E = Vault monster count
 F = Vault count percentage of total count
                 A         B        C        D         E       F
            +---------+---------+-------+---------+---------+-------
      Total |     241 |      86 |  26.3 |      73 |      12 |  14.1
            +---------+---------+-------+---------+---------+-------
        D:1 |      40 |       6 |  13.0 |      25 |       4 |  13.8
        D:2 |      75 |       0 |   0.0 |      23 |       0 |   0.0
        D:3 |     109 |      80 |  42.3 |      21 |       8 |  27.6
        D:4 |      17 |       0 |   0.0 |       4 |       0 |   0.0
            +---------+---------+-------+---------+---------+-------

Illustrated notes

Table legend:
 A = Kills in this place as a percentage of kills in entire the game.
 B = Kills by you in this place as a percentage of kills by you in the entire game.
 C = Kills by friends in this place as a percentage of kills by friends in the entire game.
 D = Other kills in this place as a percentage of other kills in the entire game.
 E = Experience gained in this place as a percentage of experience gained in the entire game.
 F = Experience gained in this place divided by the number of levels of this place that you have seen.
                   A       B       C       D       E      F
               +-------+-------+-------+-------+-------+----------------------
         Total | 100.0 | 100.0 |   N/A | 100.0 | 100.0 |  65.4
       Dungeon | 100.0 | 100.0 |   N/A | 100.0 | 100.0 |  81.8
               +-------+-------+-------+-------+-------+----------------------

Table legend: (Time is in decaauts)
 A = Elapsed time spent in this place.
 B = Non-inter-level travel time spent in this place.
 C = Inter-level travel time spent in this place.
 D = Time resting spent in this place.
 E = Time spent auto-exploring this place.
 F = Levels seen in this place.
 G = Mean time per level.
                   A        B        C        D        E       F      G
               +--------+--------+--------+--------+--------+-----+--------+
         Total |   3802 |   3311 |    491 |      0 |   2719 |   5 |  760.4 |
       Dungeon |   3788 |   3297 |    491 |      0 |   2714 |   4 |  947.0 |
         Abyss |     14 |     14 |      0 |      0 |      5 |   1 |   14.0 |
               +--------+--------+--------+--------+--------+-----+--------+

Top non-repeatable levels by time:
     D:3: 1740 daAuts
     D:1: 1099 daAuts
     D:2: 828 daAuts
     D:4: 120 daAuts
 Abyss:1: 14 daAuts
